[Event "Team 45 45 League T49"]
[Site "Internet Chess Club"]
[Date "2011.06.18"]
[Round "6"]
[White "Stryker672"]
[Black "DTK"]
[Result "0-1"]
[WhiteElo "1994"]
[BlackElo "2217"]
[Opening "French: Steinitz, Boleslavsky variation"]
[ECO "C11"]
[Time "20:01:38"]
[TimeControl "2700+45"]

1. e4 e6 2. d4 d5 3. Nc3 Nf6 4. e5 Nfd7 5. f4 c5 6. Nf3 Nc6 7. Be3 cxd4 8. Nxd4
Bc5 9. Qd2 O-O 10. O-O-O a6 11. h4 Nxd4 12. Bxd4 b5 13. g4 b4 14. Ne2 a5 15. Rh3
Ba6 16. f5 Qc7 17. f6 Rfc8 18. Qg5 Bf8 19. c3 Nc5 20. fxg7 Bxg7 21. Ng3 h6 22.
Qe3 bxc3 23. Bxc3 Bxf1 24. Rxf1 Bxe5 25. Kb1 Bxc3 26. Qxc3 Nd7 27. Qxc7 Rxc7 28.
g5 Rac8 29. Nh5 Kh7 30. a3 Ne5 31. Rf6 Ng6 32. Rhf3 hxg5 33. hxg5 Kg8 34. Nf4
Ne5 35. Rh3 Ng4 36. Nh5 Nxf6 37. Nxf6+ Kg7 {White resigns} 0-1

[Event "Team 45 45 League T49"]
[Site "Internet Chess Club"]
[Date "2011.06.19"]
[Round "6"]
[White "bobhill"]
[Black "PandorasBox"]
[Result "0-1"]
[WhiteElo "1893"]
[BlackElo "1962"]
[Opening "Old Benoni defense"]
[ECO "A46"]
[Time "17:30:40"]
[TimeControl "2700+45"]

1. d4 Nf6 2. Nf3 c5 3. d5 d6 4. c3 g6 5. e4 Bg4 6. Bg5 Nbd7 7. Nbd2 Bg7 8. Qc2
O-O 9. h3 Bxf3 10. Nxf3 a6 11. Be2 b5 12. O-O Qb6 13. Rfe1 Rfe8 14. Be3 Qc7 15.
a4 Qb7 16. axb5 axb5 17. Qd3 c4 18. Qc2 Rec8 19. Nd4 Nc5 20. f3 Nfd7 21. Nc6 Ne5
22. Bxc5 Nxc6 23. dxc6 Qxc6 24. Bf2 Rab8 25. Ra7 b4 26. Rea1 bxc3 27. bxc3 Rb3
28. Bd4 Bxd4+ 29. cxd4 Qb6 30. Qd1 e5 31. R7a4 Rc3 32. Rc1 exd4 33. Bxc4 Qb2 34.
Rxc3 dxc3 35. Bxf7+ Kxf7 36. Qd5+ Kg7 37. Ra7+ Kh6 38. Qf7 Qd2 39. Qxh7+ Kg5 40.
h4+ Kf4 41. Qh6+ Ke5 42. Qg7+ Kf4 43. Qh6+ Ke5 44. Ra5+ Rc5 45. Qg7+ Kf4 46.
Qh6+ Ke5 47. Qg7+ Kf4 48. Qf6+ Ke3 49. Rxc5 dxc5 50. Qg5+ Ke2 51. Qg4 Qd4+ 52.
Kh2 Kf1 53. Qxg6 Qg1+ 54. Kh3 Qh1+ 55. Kg4 Qxg2+ 56. Kf5 Qxg6+ 57. Kxg6 c2 58.
e5 c1=Q 59. e6 Qc2+ 60. Kf6 Qc3+ 61. Kg6 Qh8 62. f4 Qxh4 63. f5 Qe7 64. Kh5 Qf6
{White resigns} 0-1

[Event "Team 45 45 League T49"]
[Site "Internet Chess Club"]
[Date "2011.06.19"]
[Round "6"]
[White "zachi"]
[Black "Beddathanme"]
[Result "1-0"]
[WhiteElo "1942"]
[BlackElo "1796"]
[Opening "Sicilian: closed"]
[ECO "B23"]
[Time "22:00:43"]
[TimeControl "2700+45"]

1. e4 c5 2. Nc3 g6 3. f4 Bg7 4. Nf3 Nc6 5. Bb5 Nd4 6. O-O e6 7. d3 Ne7 8. Nxd4
cxd4 9. Ne2 O-O 10. Ba4 d5 11. e5 f6 12. exf6 Bxf6 13. Kh1 b6 14. Ng1 Bb7 15.
Nf3 Rc8 16. Ne5 Nc6 17. Qg4 Nxe5 18. fxe5 Bg7 19. Bg5 Qc7 20. Qxe6+ Kh8 21. Bd7
Qxc2 22. Bxc8 Bxc8 23. Rxf8+ Bxf8 24. Bf6+ Bg7 25. Qe8# {Black checkmated} 1-0

[Event "Team 45 45 League T49"]
[Site "Internet Chess Club"]
[Date "2011.06.20"]
[Round "6"]
[White "bgolev"]
[Black "Holzschlange"]
[Result "1-0"]
[WhiteElo "1831"]
[BlackElo "1819"]
[Opening "Queen's pawn game"]
[ECO "A46"]
[Time "21:01:19"]
[TimeControl "2700+45"]

1. d4 Nf6 2. Nf3 e6 3. g3 c5 4. e3 d5 5. Bg2 Nc6 6. O-O Be7 7. c4 O-O 8. Nc3 Re8
9. b3 cxd4 10. exd4 h6 11. Bb2 b6 12. Ne5 Bb7 13. Ne2 Bd6 14. f4 Rc8 15. Rc1 Qe7
16. Nc3 Nxd4 17. cxd5 exd5 18. Nxd5 Rxc1 19. Nxe7+ Rxe7 20. Bxc1 Bc5 21. Kh1
{Black resigns} 1-0

[Event "Team 45 45 League T49"]
[Site "Internet Chess Club"]
[Date "2011.06.16"]
[Round "6"]
[White "Meezer"]
[Black "Tjet"]
[Result "0-1"]
[WhiteElo "1300"]
[BlackElo "1499"]
[Opening "Queen's Pawn"]
[ECO "B07"]
[Time "21:00:50"]
[TimeControl "2700+45"]

1. d4 d6 2. e4 e5 3. d5 Nf6 4. Nc3 a6 5. Be3 Be7 6. Nf3 c5 7. a4 b6 8. Bd3 O-O
9. O-O Bg4 10. Be2 Bxf3 11. Bxf3 Nbd7 12. Bg4 Qc7 13. Bh3 Rfb8 14. Qe2 Qb7 15.
f3 Bf8 16. Qd3 Qc7 17. b3 Qb7 18. Rfb1 Nh5 19. g3 g6 20. b4 Qc7 21. bxc5 dxc5
22. Qc4 Qd6 23. a5 b5 24. Qe2 c4 25. Qf2 Qc7 26. Rb2 Bc5 27. Bxd7 Bxe3 28. Qxe3
Qxd7 29. Rb4 Qd6 30. Rab1 Kg7 31. Qd2 Nf6 32. Qe3 Nd7 33. Qd2 Rf8 34. Ne2 Nc5
35. Qc3 Kg8 36. Qd2 f5 37. Nc3 fxe4 38. fxe4 Rf3 39. Na2 Raf8 40. Re1 Qf6 41.
Re2 Rf1+ 42. Kg2 Qf3+ 43. Kh3 Qh5+ 44. Kg2 g5 45. h3 Qf3+ 46. Kh2 Rf2+ 47. Rxf2
Qxf2+ 48. Qxf2 Rxf2+ 49. Kg1 Rxc2 50. Rb1 Rxa2 51. Rd1 c3 52. d6 c2 53. Rd2
c1=Q+ 54. Kf2 Qxd2+ 55. Kf3 Qe2# {White checkmated} 0-1

[Event "Team 45 45 League T49"]
[Site "Internet Chess Club"]
[Date "2011.06.19"]
[Round "6"]
[White "alaskauk"]
[Black "ausya"]
[Result "1/2-1/2"]
[WhiteElo "1470"]
[BlackElo "1391"]
[Opening "Giuoco Piano"]
[ECO "C54"]
[Time "10:00:25"]
[TimeControl "2700+45"]

1. e4 e5 2. Nf3 Nc6 3. Bc4 Bc5 4. c3 Nf6 5. d4 exd4 6. cxd4 Bb4+ 7. Bd2 Nxe4 8.
Bxb4 Nxb4 9. Bxf7+ Kxf7 10. Qb3+ d5 11. Qxb4 Re8 12. O-O Kg8 13. Nbd2 Nf6 14.
Ne5 Qd6 15. Qxd6 cxd6 16. Nef3 Bf5 17. h3 Rac8 18. Rac1 Bd3 19. Rfe1 Rxe1+ 20.
Rxe1 Rc2 21. Re3 Rc1+ 22. Kh2 Bb5 23. Rb3 a6 24. g3 Ne4 25. Nxe4 dxe4 26. Ng5
Bc6 27. Re3 Rc2 28. Kg2 Rxb2 29. a3 Rd2 30. Nxe4 Rxd4 31. f3 Bxe4 32. fxe4 Kf7
33. Kf3 Ke6 34. Kf4 d5 35. Kf3 dxe4+ 36. Ke2 Kd5 37. Rc3 Rc4 38. Rb3 b5 39. Ke3
Rc5 40. g4 a5 41. h4 a4 42. Rb2 Rc3+ 43. Kd2 Rb3 44. Ra2 Kc4 45. Rc2+ Kd4 46.
Rc7 Rxa3 47. Rd7+ Kc5 48. Rxg7 e3+ 49. Ke2 Rc3 50. Rxh7 a3 51. Ra7 b4 52. g5 Rc4
53. h5 Rg4 54. Kxe3 Rxg5 55. Ra5+ Kc4 56. Rxg5 b3 57. Kd2 a2 58. Rg4+ Kb5 59.
Rg5+ Ka4 60. Rg4+ Ka3 61. Rg8 Kb2 62. Ra8 a1=Q 63. Rxa1 Kxa1 64. h6 b2 65. h7
b1=Q 66. h8=Q+ Qb2+ 67. Qxb2+ Kxb2 {Game drawn because neither player has mating
material} 1/2-1/2

[Event "Team 45 45 League T49"]
[Site "Internet Chess Club"]
[Date "2011.06.15"]
[Round "6"]
[White "lisalin2000"]
[Black "otib2006"]
[Result "1-0"]
[WhiteElo "1388"]
[BlackElo "1378"]
[Opening "Sicilian defense"]
[ECO "B20"]
[Time "20:02:51"]
[TimeControl "2700+45"]

1. e4 c5 2. Bc4 d6 3. Nf3 Nf6 4. d3 e6 5. Bg5 Be7 6. O-O O-O 7. Nc3 Nbd7 8. Re1
a6 9. a4 Nb6 10. Bb3 Bd7 11. a5 c4 12. dxc4 Nc8 13. h3 b6 14. axb6 Nxb6 15. Qd4
e5 16. Qd3 a5 17. Ra2 a4 18. c5 axb3 19. Rxa8 Nxa8 20. cxd6 bxc2 21. dxe7 Qxe7
22. Qxc2 h6 23. Nd5 Qe6 24. Nxf6+ Kh8 25. Nxd7 Qxd7 26. Be3 Rc8 27. Nxe5 Qb7 28.
Qd3 Qe7 29. Qd5 Rf8 30. Bc5 Qe6 31. Qxe6 fxe6 32. Bxf8 Nc7 33. Rc1 Nb5 34. Rc8
Nd4 35. b4 Kh7 36. Rc7 Kg8 37. Bxg7 Ne2+ 38. Kf1 Nd4 39. Bxh6 Nb5 40. Rc8+ Kh7
41. Ng4 Nd4 42. Rc7+ Kg6 43. Rg7+ Kh5 44. Rd7 Nf5 45. Bc1 e5 46. b5 Nh6 47. b6
Nxg4 48. b7 Nf6 49. Rd8 Nxe4 50. b8=Q Ng5 51. Qxe5 Kg6 52. Rd6+ Kf7 53. Qf5+ Ke7
54. Qe5+ Kf7 55. Rf6+ Kg7 56. Qxg5+ {Black resigns} 1-0

[Event "Team 45 45 League T49"]
[Site "Internet Chess Club"]
[Date "2011.06.19"]
[Round "6"]
[White "dpmdpm"]
[Black "cazj"]
[Result "0-1"]
[WhiteElo "1501"]
[BlackElo "1347"]
[Opening "Scotch gambit: Benima defense"]
[ECO "C44"]
[Time "09:03:01"]
[TimeControl "2700+45"]

1. e4 e5 2. Nf3 Nc6 3. d4 exd4 4. Bc4 Be7 5. c3 d6 6. Nxd4 Nf6 7. f3 O-O 8. O-O
d5 9. exd5 Nxd5 10. Re1 Bc5 11. Kh1 a6 12. Bxd5 Qxd5 13. Nxc6 Qxd1 14. Rxd1 bxc6
15. Re1 Bf5 16. Nd2 Rfe8 17. Ne4 Bf2 18. Re2 Bxe4 19. Rxf2 Bxf3 20. gxf3 Re1+
21. Kg2 Rd8 22. Rf1 Rdd1 23. Rxe1 Rxe1 24. Kf2 Rd1 25. Ke2 Rh1 26. Kd3 h5 27. a4
h4 28. b3 h3 29. Bb2 Rxh2 30. Ba3 Rg2 31. Rh1 h2 32. Bc5 g5 33. Bd4 f5 34. Be5
f4 35. Ke4 Kh7 36. Bxc7 Kg6 37. Bxf4 gxf4 38. Kxf4 Kh5 39. Ke4 Kh4 40. f4 Kh3
41. f5 Rg1 42. f6 Rxh1 43. Ke5 Rf1 {White resigns} 0-1

[Event "Team 45 45 League T49"]
[Site "Internet Chess Club"]
[Date "2011.06.17"]
[Round "6"]
[White "Aquaman"]
[Black "Zyme"]
[Result "1/2-1/2"]
[WhiteElo "1281"]
[BlackElo "1399"]
[Opening "Réti: King's Indian attack, French variation"]
[ECO "A05"]
[Time "16:05:08"]
[TimeControl "2700+45"]

1. Nf3 Nf6 2. g3 d5 3. Bg2 c5 4. O-O Nc6 5. d3 e6 6. Nbd2 Be7 7. Re1 O-O 8. e4
b5 9. c3 a5 10. e5 Nd7 11. d4 cxd4 12. cxd4 Qb6 13. Nf1 Ba6 14. a3 Rfc8 15. Be3
Rc7 16. h4 Rac8 17. Re2 a4 18. Rc2 Na5 19. Rxc7 Rxc7 20. N1d2 Qb8 21. Rc1 Qc8
22. Rxc7 Qxc7 23. Bf1 Nb6 24. Ne1 Nbc4 25. Nxc4 Nxc4 26. Qc2 Bd8 27. Bc1 Qa7 28.
Nf3 Bb6 29. Qd1 Kf8 30. Qd3 g6 31. h5 Ke7 32. hxg6 hxg6 33. Bg5+ Ke8 34. Bc1 Kf8
35. Bh6+ Kg8 36. Bc1 Kg7 37. Be2 Qc7 38. Qd1 Qa7 39. g4 Qc7 {Game drawn by
mutual agreement} 1/2-1/2

[Event "Team 45 45 League T49"]
[Site "Internet Chess Club"]
[Date "2011.06.20"]
[Round "6"]
[White "AlPearson"]
[Black "Traho"]
[Result "0-1"]
[WhiteElo "1381"]
[BlackElo "1224"]
[Opening "English opening"]
[ECO "A13"]
[Time "10:03:42"]
[TimeControl "2700+45"]

1. c4 e6 2. g3 d5 3. Bg2 d4 4. d3 c5 5. Nf3 Bd6 6. O-O Nc6 7. e3 Nf6 8. exd4
Nxd4 9. Nc3 a6 10. a3 O-O 11. Bg5 h6 12. Bd2 Rb8 13. Rb1 Bd7 14. Ne2 e5 15.
Nfxd4 exd4 16. Bf4 Qc7 17. Qd2 Bc6 18. Bxd6 Qxd6 19. b4 Bxg2 20. Kxg2 Qc6+ 21.
Kg1 Nd7 22. bxc5 Qxc5 23. Qb2 Ne5 24. Qxd4 Qxd4 25. Nxd4 Nxd3 26. Rb3 Nc5 27.
Rb6 Rfd8 28. Nf5 Rd3 29. Ne7+ Kh7 30. Ra1 Rbd8 31. Nd5 Re8 32. Ne3 Re4 33. a4
Red4 34. a5 Rb3 35. Rd1 Rxd1+ 36. Nxd1 Ra3 37. Kf1 Rxa5 38. Ke2 Ra4 39. Nb2 Ra1
40. Nd3 Nxd3 41. Kxd3 Ra3+ 42. Kd4 Ra2 43. Rxb7 Rxf2 44. Ra7 Rxh2 45. Rxa6 Rh4+
46. Kc5 Rh1 47. Ra3 Rh3 48. Rc3 g5 49. Kd4 h5 50. Ke3 Rxg3+ 51. Kd2 Rxc3 52.
Kxc3 h4 53. c5 h3 54. c6 h2 55. c7 h1=Q 56. c8=Q Qc1+ 57. Kd4 Qxc8 58. Ke5 Qg8
59. Kf5 g4 60. Ke4 g3 61. Kd5 g2 62. Ke4 g1=Q 63. Kd5 Q8g6 64. Kc4 Qd6 65. Kc3
Qd5 66. Kc2 Qdd4 67. Kb3 Qg2 68. Ka3 Qd3+ 69. Kb4 Qg4+ 70. Kc5 Qge4 71. Kb6 Qec4
72. Kb7 Qdb3+ 73. Ka7 Qca4# {White checkmated} 0-1

[Event "Team 45 45 League T49"]
[Site "Internet Chess Club"]
[Date "2011.06.20"]
[Round "6"]
[White "joaoazm"]
[Black "AtomicDog"]
[Result "0-1"]
[WhiteElo "1145"]
[BlackElo "1473"]
[Opening "Sicilian defense"]
[ECO "B20"]
[Time "08:39:50"]
[TimeControl "2700+45"]

1. e4 c5 2. c4 e6 3. Nf3 Nc6 4. Nc3 g6 5. d4 cxd4 6. Nxd4 Bg7 7. Nxc6 bxc6 8.
Bd2 Ne7 9. Be2 O-O 10. O-O h6 11. b4 f5 12. f3 Qb6+ 13. Kh1 Qxb4 14. Nd5 Qd6 15.
Nxe7+ Qxe7 16. Rc1 Bb7 17. Bc3 fxe4 18. Bxg7 Qxg7 19. fxe4 Rf7 20. Rxf7 Qxf7 21.
Qf1 Qg7 22. Bf3 Rf8 23. Rc2 d5 24. Rf2 d4 25. Be2 c5 26. Rxf8+ Qxf8 27. Qxf8+
Kxf8 28. Bd3 e5 29. Kg1 Kf7 30. Kf2 Kf6 31. g4 Kg5 32. Kg3 Kf6 33. h4 Bc6 34. h5
gxh5 35. gxh5 Kg5 {White resigns} 0-1

[Event "Team 45 45 League T49"]
[Site "Internet Chess Club"]
[Date "2011.06.20"]
[Round "6"]
[White "Xanther"]
[Black "BrerRabbit"]
[Result "0-1"]
[WhiteElo "1446"]
[BlackElo "1523"]
[Opening "Pirc: classical (two knights) system"]
[ECO "B08"]
[Time "19:01:26"]
[TimeControl "2700+45"]

1. e4 d6 2. d4 Nf6 3. Nc3 g6 4. Nf3 Bg7 5. Bf4 Nc6 6. Qd2 Bg4 7. d5 Bxf3 8. gxf3
Ne5 9. Bxe5 dxe5 10. O-O-O O-O 11. Bh3 Nh5 12. Bg4 Nf4 13. h4 h5 14. Bh3 Nxh3
15. Rxh3 Kh7 16. f4 Bh6 17. Kb1 Bxf4 18. Qe2 Qd7 19. Qb5 Qxh3 20. Qxb7 Qc8 21.
Qxc8 Rfxc8 {White resigns} 0-1

[Event "Team 45 45 League T49"]
[Site "Internet Chess Club"]
[Date "2011.06.19"]
[Round "6"]
[White "chesskix"]
[Black "Kristian1974"]
[Result "0-1"]
[WhiteElo "1435"]
[BlackElo "1550"]
[Opening "Réti v Dutch"]
[ECO "A04"]
[Time "14:01:37"]
[TimeControl "2700+45"]

1. Nf3 f5 2. d4 Nf6 3. c3 e6 4. Bg5 Be7 5. Bxf6 Bxf6 6. g3 O-O 7. Bg2 d6 8. O-O
Qe8 9. Nbd2 e5 10. e4 f4 11. Qb3+ Kh8 12. d5 Na6 13. Qc2 Qh5 14. b4 Bh3 15. Qa4
Bxg2 16. Kxg2 fxg3 17. fxg3 Rf7 18. Qb5 Rb8 19. a4 g5 20. Qd3 Rbf8 21. h3 g4 22.
hxg4 Qxg4 23. Rh1 Rg8 24. Rh3 Rfg7 25. Nh2 Qf4 26. Rf1 Qg5 27. Rf3 Qg6 28. Ndf1
Qg5 29. Rf5 Qg6 30. Rf3 Nb8 31. Rf5 Nd7 32. c4 Rf7 33. Qf3 Rgf8 34. a5 Bg7 35.
Rxf7 Rxf7 36. Qe2 Nf6 37. Nd2 Bh6 38. Nhf3 Nh5 39. Nh4 {White resigns} 0-1

[Event "Team 45 45 League T49"]
[Site "Internet Chess Club"]
[Date "2011.06.17"]
[Round "6"]
[White "doublepar"]
[Black "PT105"]
[Result "1-0"]
[WhiteElo "1426"]
[BlackElo "1306"]
[Opening "Ruy Lopez: Steinitz defense deferred (Russian defense)"]
[ECO "C79"]
[Time "15:00:05"]
[TimeControl "2700+45"]

1. e4 e5 2. Nf3 Nc6 3. Bb5 a6 4. Ba4 Nf6 5. O-O d6 6. Re1 b5 7. Bb3 Bg4 8. c3 d5
9. exd5 Nxd5 10. h3 Bxf3 11. Qxf3 Nce7 12. Rxe5 c6 13. d4 a5 14. Bf4 a4 15. Bc2
Ra6 16. Nd2 g6 17. Rae1 Bg7 18. R5e2 O-O 19. Ne4 Nf5 20. Nc5 Nh4 21. Qe4 Nf6 22.
Bg5 Qb6 23. Qxh4 {Black resigns} 1-0

[Event "Team 45 45 League T49"]
[Site "Internet Chess Club"]
[Date "2011.06.19"]
[Round "6"]
[White "BosqueVerde"]
[Black "SeniorCitizen"]
[Result "1/2-1/2"]
[WhiteElo "1229"]
[BlackElo "1338"]
[Opening "QGD: 3...Nf6"]
[ECO "D35"]
[Time "14:00:21"]
[TimeControl "2700+45"]

1. d4 d5 2. c4 e6 3. Nc3 Nf6 4. Qc2 Be7 5. Nf3 b6 6. cxd5 Nxd5 7. e4 Nxc3 8.
bxc3 O-O 9. Bd3 f6 10. O-O Ba6 11. Rd1 Bxd3 12. Rxd3 Qe8 13. Bf4 Bd6 14. e5 fxe5
15. Bxe5 Bxe5 16. Nxe5 Nc6 17. Rh3 Nxe5 18. Qxh7+ Kf7 19. dxe5 Rg8 20. Rf3+ Ke7
21. Qh4+ Kd7 22. Rd1+ Kc6 23. Qe4+ Kc5 24. Rfd3 Kb5 25. a4+ Ka5 26. Ra1 c5 27.
c4 Rd8 28. Rb3 Qd7 29. Qe1+ Ka6 30. a5 Qd2 31. axb6+ Kb7 32. Qxd2 Rxd2 33. bxa7+
Ka8 34. g3 Rc2 35. Ra4 Re2 36. Rb6 Rxe5 37. Ra5 Rc8 38. Kg2 g5 39. h3 Re4 40. h4
gxh4 41. gxh4 Rxh4 42. Kg3 Rxc4 43. Rxe6 Rb4 44. f4 c4 45. Rae5 Kxa7 46. Re7+
Kb8 47. Re8 Rxe8 48. Rxe8+ Kb7 49. Re4 Kc6 50. f5 Kd5 51. Kf3 c3 52. Re1 c2 53.
f6 Rb7 54. Ke2 Rf7 55. Rf1 Ke6 56. Kd2 Rxf6 57. Rxf6+ Kxf6 58. Kxc2 {Game drawn
because neither player has mating material} 1/2-1/2

[Event "Team 45 45 League T49"]
[Site "Internet Chess Club"]
[Date "2011.06.16"]
[Round "6"]
[White "Gilguli"]
[Black "Invicta-Knight"]
[Result "1-0"]
[WhiteElo "1435"]
[BlackElo "1475"]
[Opening "King's Indian, 3.Nf3"]
[ECO "E60"]
[Time "16:05:17"]
[TimeControl "2700+45"]

1. d4 Nf6 2. Nf3 g6 3. c4 c5 4. d5 b5 5. b3 Bg7 6. Bf4 Ng4 7. h3 Nxf2 8. Kxf2
Bxa1 9. e4 Bg7 10. Na3 bxc4 11. d6 e5 12. Bxe5 Bxe5 13. Nxe5 Qh4+ 14. g3 Qxe4
15. Bxc4 Qxe5 16. Re1 Qxe1+ 17. Qxe1+ {Black resigns} 1-0

[Event "Team 45 45 League T49"]
[Site "Internet Chess Club"]
[Date "2011.06.17"]
[Round "6"]
[White "PsyMar"]
[Black "Oscar"]
[Result "1/2-1/2"]
[WhiteElo "1388"]
[BlackElo "1556"]
[Opening "French: Schlechter variation"]
[ECO "C01"]
[Time "16:00:32"]
[TimeControl "2700+45"]

1. e4 e6 2. d4 d5 3. Bd3 c5 4. Nf3 Nc6 5. dxc5 Bxc5 6. exd5 Qxd5 7. Nc3 Qd8 8.
O-O Nf6 9. Bg5 O-O 10. Ne4 Be7 11. Nxf6+ Bxf6 12. Bxf6 Qxf6 13. c3 Rd8 14. Qc2
h6 15. Rad1 e5 16. Rfe1 Bg4 17. Bh7+ Kf8 18. Rxd8+ Rxd8 19. Be4 Rd7 20. h3 Be6
21. Bxc6 bxc6 22. Nxe5 Re7 23. Qh7 g6 24. Qxh6+ Qg7 25. Qxg7+ Kxg7 26. Nxc6 Rc7
27. Nb4 a5 28. Na6 Ra7 29. Nc5 Bxa2 30. b3 a4 31. Ra1 axb3 32. Nxb3 Ra8 33. Nc1
Bd5 34. Rxa8 Bxa8 35. f4 Kf6 36. Kf2 Ke6 37. g4 Kd5 38. Ke3 Kc4 39. Kd2 f6 40.
h4 Bf3 41. g5 fxg5 42. hxg5 Be4 43. Ne2 Bf5 44. Nd4 Be4 45. f5 gxf5 46. g6 f4
47. g7 Bh7 48. Nf3 Bg8 49. Ne5+ Kd5 50. Nf3 Kc4 51. Kc2 Bh7+ 52. Kb2 Bg8 53. Ne1
Bh7 54. Nc2 f3 55. Ne3+ Kd3 56. Nd1 Bg8 57. Kc1 Ke2 58. Kc2 f2 59. Nxf2 Kxf2 60.
Kd3 Kf3 61. c4 Kf4 62. Kd4 Kf5 63. c5 Kf6 64. c6 Kxg7 65. Ke5 Bc4 {Game drawn by
mutual agreement} 1/2-1/2

[Event "Team 45 45 League T49"]
[Site "Internet Chess Club"]
[Date "2011.06.19"]
[Round "6"]
[White "arconia"]
[Black "JimGaming"]
[Result "1-0"]
[WhiteElo "1252"]
[BlackElo "1248"]
[Opening "Sicilian: Hungarian variation"]
[ECO "B27"]
[Time "14:00:24"]
[TimeControl "2700+45"]

1. e4 c5 2. Nf3 g6 3. Bc4 Bg7 4. O-O e6 5. c3 Ne7 6. d4 cxd4 7. cxd4 O-O 8. h4
d5 9. exd5 exd5 10. Be2 Nf5 11. h5 Qb6 12. h6 Bh8 13. Nc3 Be6 14. Na4 Qc7 15. b3
b6 16. Ba3 Re8 17. Rc1 Qb7 18. Bb5 Rd8 19. Ng5 a6 20. Be2 Nc6 21. Nxe6 fxe6 22.
Bg4 Bxd4 23. Bxf5 gxf5 24. Rxc6 Qxc6 25. Qxd4 Ra7 26. Bb2 Qc7 27. Qh8+ Kf7 28.
Qxh7+ Ke8 29. Qg8+ Kd7 30. Qf7+ Kd6 31. Ba3+ Ke5 32. Re1+ Kd4 33. Qf6+ Kd3 34.
Nb2+ Kd2 35. Bb4+ Kc2 36. Re2+ Kc1 37. Qg5+ Kb1 38. Re1+ Kxa2 39. Qd2 Kxb3 40.
Re3+ Ka2 41. Nc4+ Kb1 42. Qb2# {Black checkmated} 1-0

[Event "Team 45 45 League T49"]
[Site "Internet Chess Club"]
[Date "2011.06.19"]
[Round "6"]
[White "baseball613"]
[Black "Lyko"]
[Result "1-0"]
[WhiteElo "1369"]
[BlackElo "1347"]
[Opening "Queen's bishop game"]
[ECO "D02"]
[Time "13:49:16"]
[TimeControl "2700+45"]

1. d4 d5 2. Nf3 Nf6 3. Bf4 e6 4. e3 Bd6 5. Bg3 Bxg3 6. hxg3 Nbd7 7. Bd3 Ne4 8.
Nbd2 f5 9. c3 Ndf6 10. Ne5 Ng4 11. Nxg4 fxg4 12. Nxe4 dxe4 13. Bxe4 h6 14. Qxg4
Qf6 15. Qg6+ Qxg6 16. Bxg6+ Ke7 17. Kd2 Bd7 18. Rh4 Rhf8 19. Rf4 Rxf4 20. gxf4
Rf8 21. Rh1 Bc6 22. f3 Rf6 23. Bc2 g5 24. fxg5 hxg5 25. Rh7+ Kd6 26. Rg7 Rh6 27.
Rxg5 Rh2 28. Ke2 Bb5+ 29. Rxb5 Rxg2+ 30. Kd3 {Black resigns} 1-0

[Event "Team 45 45 League T49"]
[Site "Internet Chess Club"]
[Date "2011.06.18"]
[Round "6"]
[White "PsyMar"]
[Black "joshq03"]
[Result "1-0"]
[WhiteElo "1383"]
[BlackElo "1114"]
[Opening "Scotch game"]
[ECO "C45"]
[Time "14:00:36"]
[TimeControl "2700+45"]

1. e4 e5 2. Nf3 Nc6 3. d4 exd4 4. Nxd4 Bc5 5. Be3 Nxd4 6. Bxd4 Bxd4 7. Qxd4 Ne7
8. Qxg7 Rg8 9. Qxh7 d5 10. Nc3 d4 11. Nd5 Rf8 12. Nf6# {Black checkmated} 1-0

[Event "Team 45 45 League T49"]
[Site "Internet Chess Club"]
[Date "2011.06.20"]
[Round "6"]
[White "wildcat2023"]
[Black "JimGaming"]
[Result "0-1"]
[WhiteElo "1292"]
[BlackElo "1267"]
[Opening "Sicilian: Hungarian variation"]
[ECO "B27"]
[Time "14:01:01"]
[TimeControl "2700+45"]

1. e4 c5 2. Nf3 g6 3. d4 cxd4 4. Nxd4 Bg7 5. Nc3 e6 6. Bc4 a6 7. O-O b5 8. Bd3
Ne7 9. Qf3 Bxd4 10. e5 Bxe5 11. Qxa8 Nbc6 12. Be4 Qc7 13. Be3 O-O 14. Bg5 Bb7
15. Qxf8+ Kxf8 16. f4 Bg7 17. Rad1 Qb6+ 18. Kh1 Nd4 19. Bxb7 Qxb7 20. Rf2 Nef5
21. Kg1 Qb6 22. Kh1 Ne3 23. Rd3 d5 24. Rxe3 Nf5 25. Ree2 h6 26. g4 Nd6 27. Bh4
Nc4 28. b3 Nd6 29. Nd1 Bd4 30. Rf3 Ne4 31. Rd3 g5 32. Be1 gxf4 33. Bd2 Be5 34.
h4 Kg7 35. Kg2 Bb8 36. Kf3 Nxd2+ 37. Rexd2 Qg1 38. Rg2 Qh1 39. h5 Qh3+ 40. Kf2
Qh4+ 41. Kf1 Ba7 42. Rf3 Qh1+ 43. Ke2 Qxg2+ 44. Nf2 e5 45. a3 Kf6 46. Rd3 Qxf2+
47. Kd1 Qg2 48. c3 Qxg4+ 49. Kc2 Qe2+ 50. Rd2 Qe4+ 51. Kc1 f3 52. b4 f2 53.
Rxf2+ Bxf2 54. a4 Qd3 55. axb5 Qxc3+ 56. Kd1 axb5 57. Ke2 Qe1+ 58. Kf3 d4 59.
Kg2 d3 60. Kh3 d2 61. Kg2 d1=Q 62. Kh3 Qf3+ 63. Kh2 Qg1# {White checkmated} 0-1

[Event "Team 45 45 League T49"]
[Site "Internet Chess Club"]
[Date "2011.06.19"]
[Round "6"]
[White "sere"]
[Black "iceface"]
[Result "0-1"]
[WhiteElo "1161"]
[BlackElo "1302"]
[Opening "Benko's opening"]
[ECO "A00"]
[Time "09:03:12"]
[TimeControl "2700+45"]

1. g3 e5 2. Bg2 Nf6 3. Nc3 Nc6 4. e4 Bc5 5. d3 d6 6. Nf3 Nd4 7. O-O O-O 8. Bg5
h6 9. Be3 Nxf3+ 10. Qxf3 Bg4 11. Bxc5 Bxf3 12. Bxf3 dxc5 13. Rad1 c6 14. Rfe1
Qb6 15. b3 Qb4 16. Na4 Qd4 17. c3 Qd6 18. Nb2 b5 19. c4 Qe6 20. Bg2 Qg4 21. f3
Qe6 22. Re2 Qd6 23. Red2 Rad8 24. Kf1 Qe6 25. Kg1 Rd4 26. Kf1 Rfd8 27. Kg1 h5
28. h4 Nh7 29. Kf1 Qg6 30. Kf2 Qf6 {White forfeits on time} 0-1

[Event "Team 45 45 League T49"]
[Site "Internet Chess Club"]
[Date "2011.06.18"]
[Round "6"]
[White "doublepar"]
[Black "hi12980"]
[Result "1-0"]
[WhiteElo "1444"]
[BlackElo "1452"]
[Opening "Scotch: Mieses variation"]
[ECO "C45"]
[Time "17:00:30"]
[TimeControl "2700+45"]

1. e4 e5 2. Nf3 Nc6 3. d4 exd4 4. Nxd4 Nf6 5. Nxc6 bxc6 6. e5 Nd5 7. c4 Nb6 8.
Nc3 Bc5 9. Bd3 Ba6 10. b3 O-O 11. O-O Bd4 12. Qc2 g6 13. Re1 d6 14. e6 fxe6 15.
Be3 Bxe3 16. Rxe3 e5 17. c5 Bxd3 18. Qxd3 Nc8 19. cxd6 cxd6 20. Qc4+ d5 21. Qxc6
Ne7 22. Qe6+ Rf7 23. Rxe5 d4 24. Rd1 Qc7 25. Nd5 Nxd5 26. Rxd5 Qc2 27. Qe1 Raf8
28. Rd2 Qc3 29. f3 Qc6 30. R5xd4 Re8 31. Qxe8+ Qxe8 32. Rd8 Rf8 33. Rxe8 Rxe8
34. Kf2 Kf7 35. Rd7+ Ke6 36. Rxh7 Ra8 37. g4 a5 38. Rb7 Rc8 39. a4 Ke5 40. Kg3
Rc3 41. h4 Kf6 42. b4 Rb3 43. Rb6+ Kg7 44. bxa5 Rc3 45. a6 Rc7 46. Rb7 Rxb7 47.
axb7 Kf6 48. b8=Q Ke6 49. Kf4 {Black resigns} 1-0

[Event "Team 45 45 League T49"]
[Site "Internet Chess Club"]
[Date "2011.06.20"]
[Round "6"]
[White "kingsleywang"]
[Black "jjaillet2007"]
[Result "0-1"]
[WhiteElo "1330"]
[BlackElo "1332"]
[Opening "French: advance, Paulsen attack"]
[ECO "C02"]
[Time "21:02:12"]
[TimeControl "2700+45"]

1. e4 e6 2. d4 d5 3. e5 c5 4. c3 Nc6 5. Nf3 cxd4 6. cxd4 Bb4+ 7. Bd2 Qb6 8. Bxb4
Qxb4+ 9. Qd2 Nge7 10. Nc3 O-O 11. Bb5 a6 12. Bxc6 bxc6 13. O-O Nf5 14. Ne2 a5
15. a3 Qxd2 16. Nxd2 Ba6 17. Rfe1 Bxe2 18. Rxe2 Nxd4 19. Re3 Nc2 20. Ree1 Nxa1
21. Rxa1 Rfb8 22. b3 Rb5 23. Rc1 Rc8 24. a4 Rb4 25. Nf3 Rxb3 26. Nd4 Rb4 27.
Nxc6 Rxc6 28. Rd1 Rbc4 29. h3 Rc1 30. Rxc1 Rxc1+ 31. Kh2 Ra1 32. g4 Rxa4 33. Kg3
d4 34. Kf3 d3 35. Ke3 Ra3 36. Kd2 Rb3 37. Kd1 a4 38. Kc1 a3 39. Kd1 a2 40. Kd2
a1=Q 41. Ke3 Qxe5+ 42. Kd2 Qe2+ 43. Kc1 Qc2# {White checkmated} 0-1